Kings vs Canadiens
Created - February 23, 2018 at 21:35
Goals
|
Kings |
1 |
1 |
1 |
3 |
Canadiens |
0 |
1 |
1 |
2 |
|
Shots
|
Kings |
13 |
13 |
11 |
37 |
Canadiens |
10 |
16 |
10 |
36 |
|
1st period
1. Kings , Drew Doughty 12 (Anze Kopitar 39, Patric Hornqvist 33) at 16:24 (PP)
Penalties :
Jason Spezza (Mon) for Holding Stick (Minor) at 15:41
2nd period
2. Canadiens , Patrick Sharp 13 (Luke Schenn 20, Sidney Crosby 45) at 6:50
3. Kings , Patric Hornqvist 34 (Drew Doughty 56, Anze Kopitar 40) at 12:48
Penalties :
Radim Vrbata (LAK) for Tripping (Minor) at 7:13, Greg Campbell (LAK) for Interference (Minor) at 13:34
3rd period
4. Canadiens , Joe Pavelski 29 (Sidney Crosby 46, Patrick Sharp 35) at 2:02 (PP)
5. Kings , Patrick Marleau 19 (Eric Fehr 7, Cam Janssen 4) at 12:38
Penalties :
Tom Poti (LAK) for Roughing (Minor) at 1:48, Greg Campbell (LAK) for Kneeing (Minor) at 5:13, Anze Kopitar (LAK) for Holding (Minor) at 18:38
Goalie Stats
Frederik Andersen (LAK), 34 saves from 36 shots - (0.944), W, 14-15-2, 60:00 minutes
Jonathan Bernier (Mon), 34 saves from 37 shots - (0.919), L, 24-19-2, 58:46 minutes
Players Stats for Kings
Player Name G A P +/- PIM S H SB GA TA FO MP PP MP PK MP
------------------------------------------------------------------------------------
Anze Kopitar 0 2 2 0 2 9 3 1 0 0 17/31 20:03 0:32 3:20
Cam Janssen 0 1 1 0 0 1 0 0 0 0 0/0 7:57 0:00 0:00
Chris Kreider 0 0 0 0 0 2 1 1 2 0 1/2 20:50 0:32 2:05
Chris Mcallister 0 0 0 0 0 2 1 0 1 0 0/0 15:52 0:00 4:29
Dmitry Kulikov 0 0 0 0 0 2 2 0 0 0 0/0 23:37 0:25 2:55
Drew Doughty 1 1 2 0 0 3 0 1 1 1 0/0 24:09 0:18 2:55
Eric Fehr 0 1 1 1 0 1 2 0 0 1 0/0 12:15 0:00 0:00
Greg Campbell 0 0 0 0 4 1 0 0 0 0 4/9 10:42 0:00 1:58
Josef Vasicek 0 0 0 1 0 0 1 0 2 0 2/5 13:05 0:00 0:07
Kyle Clifford 0 0 0 0 0 3 0 0 0 0 0/0 8:54 0:18 0:00
Patric Hornqvist 1 1 2 0 0 6 0 1 0 1 2/3 17:16 0:32 0:00
Patrick Marleau 1 0 1 1 0 1 2 0 1 0 0/0 13:39 0:11 0:24
Radim Vrbata 0 0 0 0 2 1 2 1 0 0 0/1 15:13 0:11 0:34
Radko Gudas 0 0 0 1 0 3 0 0 0 1 0/0 10:38 0:00 0:00
Randy Jones 0 0 0 1 0 0 0 1 0 0 0/0 15:35 0:00 4:37
Tom Poti 0 0 0 0 2 2 1 1 0 1 0/0 20:29 0:00 0:00
Travis Hamonic 0 0 0 0 0 0 1 0 0 0 0/0 25:13 0:25 4:37
Tyler Seguin 0 0 0 0 0 0 3 1 1 0 7/18 16:56 0:11 2:07
Players Stats for Canadiens
Player Name G A P +/- PIM S H SB GA TA FO MP PP MP PK MP
------------------------------------------------------------------------------------
Adam Pardy 0 0 0 -1 0 1 0 0 0 0 0/0 11:54 0:00 0:00
Andrew Ebbett 0 0 0 0 0 2 0 0 0 0 1/1 7:30 0:00 0:30
Brett Maclean 0 0 0 0 0 1 2 0 2 0 0/2 12:52 0:00 0:00
David Jones 0 0 0 0 0 4 0 1 0 0 0/0 13:42 0:00 0:00
Dennis Wideman 0 0 0 0 0 0 1 2 0 1 0/0 28:26 4:28 0:31
Dustin Boyd 0 0 0 0 0 1 0 0 1 0 3/6 13:28 0:00 0:00
Dustin Kohn 0 0 0 0 0 0 1 1 0 0 0/0 3:41 0:00 0:00
Evgeny Dadonov 0 0 0 -1 0 2 4 0 0 0 1/3 18:27 3:08 0:00
Greg Stewart 0 0 0 -1 0 1 0 1 0 1 0/0 18:40 3:08 0:13
Jason Spezza 0 0 0 -1 2 2 1 0 1 1 8/18 18:26 3:08 0:00
Joe Pavelski 1 0 1 0 0 8 2 0 0 0 3/4 21:24 4:24 0:00
Ladislav Nagy 0 0 0 0 0 0 1 0 0 1 0/0 6:34 0:00 0:00
Luke Schenn 0 1 1 0 0 0 2 1 0 2 0/0 24:45 4:28 0:31
Maxim Kondratiev 0 0 0 -1 0 0 0 2 0 1 0/0 11:54 0:00 0:00
Patrick Sharp 1 1 2 0 0 3 2 0 1 0 3/4 21:24 4:24 0:00
Sidney Crosby 0 2 2 0 0 7 3 1 0 0 17/31 26:49 4:24 0:43
Vitaly Vishnevsky 0 0 0 0 0 3 1 0 0 0 0/0 19:40 3:04 0:12
Wes O'Neill 0 0 0 0 0 1 1 2 0 1 0/0 19:40 3:04 0:12
3 Stars
1 - Frederik Andersen (LAK)
2 - Patric Hornqvist (LAK)
3 - Patrick Sharp (Mon)
Power Play
Kings - 1 on 1 Attempt(s) - 100.00%
Canadiens - 1 on 5 Attempt(s) - 20.00%
Penalty Kill
Kings - 4 on 5 Attempt(s) - 80.00%
- Score 0 goal in Penalty Kill
Canadiens - 0 on 1 Attempt(s) - 0.00%
- Score 0 goal in Penalty Kill
Team Stat
Kings - Hits : 19 - Faceoff Wins : 33 - Blocked Shots : 8 - Penalty Minutes : 10
Canadiens - Hits : 21 - Faceoff Wins : 36 - Blocked Shots : 11 - Penalty Minutes : 2
Official
Referees : Peel Tim and Dwyer Gord
Linesman : Jean Morin and Darren Gibbs
Game Notes
Kyle Clifford is injured at 6:38 of 2nd period (Right Eye)
2:02 of 3rd period - Canadiens goal is going for a video replay. After video review, Goal.
Finance
Level 1 -- Attendance: 5477 (91.28%) -- Ticket Income $481,976
Level 2 -- Attendance: 4571 (91.42%) -- Ticket Income $251,405
Level 3 -- Attendance: 1823 (91.15%) -- Ticket Income $65,628
Level 4 -- Attendance: 3848 (96.20%) -- Ticket Income $103,896
Luxury Box -- Attendance: 950 (95.00%) -- Ticket Income $147,250
Game was played at the Centre Bell.
Total Attendance: 16669 (92.61%)
Total Ticket Income: $1,050,155
Other Income: $157,523
Total Income: $1,207,678
Kings
5 vs 5 Forward
Center Left Wing Right Wing Time % Phy DF OF
1 Anze Kopitar Kyle Clifford Patric Hornqvist 35 1 2 2
2 Tyler Seguin Chris Kreider Radim Vrbata 35 1 2 2
3 Josef Vasicek Patrick Marleau Eric Fehr 20 1 3 1
4 Greg Campbell Chris Mcallister Cam Janssen 10 1 3 1
5 vs 5 Defense
Defense Defense Time % Phy DF OF
1 Drew Doughty Tom Poti 40 0 3 2
2 Dmitry Kulikov Travis Hamonic 40 1 3 1
3 Radko Gudas Randy Jones 20 0 4 1
4 Drew Doughty Dmitry Kulikov 0 1 3 1
PowerPlay Forward
Center Left Wing Right Wing Time % Phy DF OF
1 Anze Kopitar Chris Kreider Patric Hornqvist 60 0 1 4
2 Tyler Seguin Patrick Marleau Radim Vrbata 40 1 1 3
PowerPlay Defense
Defense Defense Time % Phy DF OF
1 Drew Doughty Kyle Clifford 60 0 2 3
2 Travis Hamonic Dmitry Kulikov 40 0 3 2
Penalty Kill 4 Players Forward
Center Wing Time % Phy DF OF
1 Greg Campbell Chris Mcallister 60 1 3 1
2 Anze Kopitar Radim Vrbata 40 1 3 1
Penalty Kill 4 Players Defense
Defense Defense Time % Phy DF OF
1 Randy Jones Travis Hamonic 60 1 4 0
2 Dmitry Kulikov Drew Doughty 40 1 4 0
Penalty Kill - 3 Players Forward
Forward Time % Phy DF OF
1 Anze Kopitar 60 1 3 1
2 Radim Vrbata 40 1 3 1
Penalty Kill - 3 Players Defense
Defense Defense Time % Phy DF OF
1 Drew Doughty Travis Hamonic 60 1 4 0
2 Dmitry Kulikov Randy Jones 40 1 4 0
4 vs 4 Forward
Center Wing Time % Phy DF OF
1 Anze Kopitar Patric Hornqvist 60 1 2 2
2 Josef Vasicek Radim Vrbata 40 1 2 2
4 vs 4 Defense
Defense Defense Time % Phy DF OF
1 Drew Doughty Travis Hamonic 60 1 2 2
2 Dmitry Kulikov Randy Jones 40 1 2 2
Last Minutes Offensive
Center Left Wing Right Wing Defense Defense
Anze Kopitar Chris Kreider Patric Hornqvist Drew Doughty Dmitry Kulikov
Last Minutes Defensive
Center Left Wing Right Wing Defense Defense
Anze Kopitar Chris Mcallister Radim Vrbata Drew Doughty Travis Hamonic
Goaltenders
Starting : Frederik Andersen
Backup : Mike Brodeur
Extra Forwards
Normal : Anze Kopitar, Chris Kreider, Patric Hornqvist - PP : Josef Vasicek, Chris Mcallister - PK : Kyle Clifford
Extra Defensemen
Normal : Drew Doughty, Travis Hamonic, Dmitry Kulikov - PP : Tom Poti - PK : Tom Poti, Radko Gudas
Penalty Shots
Anze Kopitar, Radim Vrbata, Patric Hornqvist, Patrick Marleau, Chris Kreider
Scratches
Shane Doan (Healthy)
Canadiens
5 vs 5 Forward
Center Left Wing Right Wing Time % Phy DF OF
1 Sidney Crosby Patrick Sharp Joe Pavelski 40 1 2 2
2 Jason Spezza Greg Stewart Evgeny Dadonov 30 1 2 2
3 Dustin Boyd Brett Maclean David Jones 20 1 2 2
4 Andrew Ebbett Ladislav Nagy Sidney Crosby 10 1 2 2
5 vs 5 Defense
Defense Defense Time % Phy DF OF
1 Dennis Wideman Luke Schenn 40 1 2 2
2 Vitaly Vishnevsky Wes O'Neill 30 1 2 2
3 Maxim Kondratiev Adam Pardy 20 1 2 2
4 Dustin Kohn Dennis Wideman 10 1 2 2
PowerPlay Forward
Center Left Wing Right Wing Time % Phy DF OF
1 Sidney Crosby Patrick Sharp Joe Pavelski 60 1 2 2
2 Jason Spezza Greg Stewart Evgeny Dadonov 40 1 2 2
PowerPlay Defense
Defense Defense Time % Phy DF OF
1 Dennis Wideman Luke Schenn 60 1 2 2
2 Vitaly Vishnevsky Wes O'Neill 40 1 2 2
Penalty Kill 4 Players Forward
Center Wing Time % Phy DF OF
1 Sidney Crosby Jason Spezza 60 1 2 2
2 Joe Pavelski Patrick Sharp 40 1 2 2
Penalty Kill 4 Players Defense
Defense Defense Time % Phy DF OF
1 Dennis Wideman Luke Schenn 60 1 2 2
2 Vitaly Vishnevsky Wes O'Neill 40 1 2 2
Penalty Kill - 3 Players Forward
Forward Time % Phy DF OF
1 Sidney Crosby 60 1 2 2
2 Jason Spezza 40 1 2 2
Penalty Kill - 3 Players Defense
Defense Defense Time % Phy DF OF
1 Dennis Wideman Luke Schenn 60 1 2 2
2 Vitaly Vishnevsky Wes O'Neill 40 1 2 2
4 vs 4 Forward
Center Wing Time % Phy DF OF
1 Sidney Crosby Jason Spezza 60 1 2 2
2 Joe Pavelski Patrick Sharp 40 1 2 2
4 vs 4 Defense
Defense Defense Time % Phy DF OF
1 Dennis Wideman Luke Schenn 60 1 2 2
2 Vitaly Vishnevsky Wes O'Neill 40 1 2 2
Last Minutes Offensive
Center Left Wing Right Wing Defense Defense
Sidney Crosby Patrick Sharp Joe Pavelski Dennis Wideman Luke Schenn
Last Minutes Defensive
Center Left Wing Right Wing Defense Defense
Sidney Crosby Patrick Sharp Joe Pavelski Dennis Wideman Luke Schenn
Goaltenders
Starting : Jonathan Bernier
Backup : Mikael Tellqvist
Extra Forwards
Normal : Dustin Boyd, David Jones, Andrew Ebbett - PP : Dustin Boyd, David Jones - PK : Andrew Ebbett
Extra Defensemen
Normal : Maxim Kondratiev, Adam Pardy, Dustin Kohn - PP : Maxim Kondratiev - PK : Adam Pardy, Dustin Kohn
Penalty Shots
Sidney Crosby, Jason Spezza, Joe Pavelski, Patrick Sharp, Greg Stewart
Scratches
Jiri Tlusty (Healthy)
% Time on Ice - Kings
Lines # - Real PCT - Wanted PCT - Time Play
Normal Forward
1 - 33% - 35% - 17:04
2 - 28% - 35% - 14:29
3 - 24% - 20% - 12:15
4 - 15% - 10% - 7:57
Normal Defense
1 - 41% - 40% - 21:28
2 - 38% - 40% - 19:27
3 - 21% - 20% - 10:38
4 - 0% - 0% - 0:12
PP Forward
1 - 74% - 60% - 0:32
2 - 26% - 40% - 0:11
PP Defense
1 - 42% - 60% - 0:18
2 - 58% - 40% - 0:25
PK Forward
1 - 90% - 60% - 6:49
2 - 10% - 40% - 0:43
PK Defense
1 - 61% - 60% - 4:37
2 - 39% - 40% - 2:55
PK3 Forward
1 - 0% - 60%
2 - 0% - 40%
PK3 Defense
1 - 0% - 60%
2 - 0% - 40%
44 Forward
1 - 0% - 60%
2 - 0% - 40%
44 Defense
1 - 0% - 60%
2 - 0% - 40%
Last Minute Offensive - 0:00
Last Minute Defensive - 0:00
Total
Forward - 60:00
Defense - 60:00
|
% Time on Ice - Canadiens
Lines # - Real PCT - Wanted PCT - Time Play
Normal Forward
1 - 33% - 40% - 17:00
2 - 30% - 30% - 15:19
3 - 25% - 20% - 12:52
4 - 13% - 10% - 6:34
Normal Defense
1 - 38% - 40% - 19:46
2 - 32% - 30% - 16:24
3 - 23% - 20% - 11:54
4 - 7% - 10% - 3:41
PP Forward
1 - 58% - 60% - 4:24
2 - 42% - 40% - 3:08
PP Defense
1 - 59% - 60% - 4:28
2 - 41% - 40% - 3:04
PK Forward
1 - 100% - 60% - 0:43
2 - 0% - 40% - 0:00
PK Defense
1 - 72% - 60% - 0:31
2 - 28% - 40% - 0:12
PK3 Forward
1 - 0% - 60%
2 - 0% - 40%
PK3 Defense
1 - 0% - 60%
2 - 0% - 40%
44 Forward
1 - 0% - 60%
2 - 0% - 40%
44 Defense
1 - 0% - 60%
2 - 0% - 40%
Last Minute Offensive - 0:00
Last Minute Defensive - 0:00
Total
Forward - 60:00
Defense - 60:00
|
Play by Play
1st period
0:01 of 1st period - Sidney Crosby wins face-off versus Anze Kopitar in neutral zone.
0:26 of 1st period - Chris Kreider is hit by Luke Schenn and loses puck.
1:09 of 1st period - Snap shot by David Jones.
1:09 of 1st period - Stopped by Frederik Andersen without a rebound.
1:10 of 1st period - Andrew Ebbett wins face-off versus Greg Campbell in Kings zone.
2:11 of 1st period - Slapshot by Travis Hamonic.
2:11 of 1st period - Shot Blocked by Dustin Kohn.
2:23 of 1st period - Snap shot by Andrew Ebbett.
2:23 of 1st period - Stopped by Frederik Andersen without a rebound.
2:24 of 1st period - Anze Kopitar wins face-off versus Jason Spezza in Kings zone.
3:41 of 1st period - Slapshot by Drew Doughty.
3:41 of 1st period - Stopped by Jonathan Bernier with a rebound.
3:43 of 1st period - Backhand shot by Radim Vrbata.
3:43 of 1st period - Shot Misses the Net.
3:56 of 1st period - Icing by Maxim Kondratiev.
3:57 of 1st period - Josef Vasicek wins face-off versus Jason Spezza in Canadiens zone.
4:19 of 1st period - Icing by Jason Spezza.
4:20 of 1st period - Anze Kopitar wins face-off versus Jason Spezza in Canadiens zone.
4:21 of 1st period - Snap shot by Patric Hornqvist.
4:21 of 1st period - Shot Misses the Net.
4:23 of 1st period - Snap shot by Patric Hornqvist.
4:23 of 1st period - Shot Misses the Net.
4:29 of 1st period - Wrist shot by Anze Kopitar.
4:29 of 1st period - Shot Misses the Net.
4:31 of 1st period - Backhand shot by Kyle Clifford.
4:31 of 1st period - Stopped by Jonathan Bernier with a rebound.
4:33 of 1st period - Snap shot by Anze Kopitar.
4:33 of 1st period - Shot Misses the Net.
4:35 of 1st period - Slapshot by Radko Gudas.
4:35 of 1st period - Stopped by Jonathan Bernier without a rebound.
4:36 of 1st period - Sidney Crosby wins face-off versus Tyler Seguin in Canadiens zone.
4:43 of 1st period - Snap shot by Sidney Crosby.
4:43 of 1st period - Shot Hit the Post.
4:47 of 1st period - Snap shot by Sidney Crosby.
4:47 of 1st period - Shot Blocked by Chris Kreider.
4:49 of 1st period - Snap shot by Luke Schenn.
4:49 of 1st period - Shot Blocked by Tyler Seguin.
4:51 of 1st period - Snap shot by Dennis Wideman.
4:51 of 1st period - Deflect By Joe Pavelski.
4:51 of 1st period - Stopped by Frederik Andersen with a rebound.
4:53 of 1st period - Snap shot by Sidney Crosby.
4:53 of 1st period - Shot Misses the Net.
5:10 of 1st period - Anze Kopitar is hit by Brett Maclean and loses puck.
5:56 of 1st period - Off-side.
5:57 of 1st period - Sidney Crosby wins face-off versus Tyler Seguin in neutral zone.
6:02 of 1st period - Snap shot by Patrick Sharp.
6:02 of 1st period - Stopped by Frederik Andersen without a rebound.
6:03 of 1st period - Tyler Seguin wins face-off versus Patrick Sharp in Kings zone.
7:27 of 1st period - Wrist shot by Patrick Sharp.
7:27 of 1st period - Stopped by Frederik Andersen without a rebound.
7:28 of 1st period - Anze Kopitar wins face-off versus Dustin Boyd in Kings zone.
7:46 of 1st period - Icing by Luke Schenn.
7:47 of 1st period - Dustin Boyd wins face-off versus Josef Vasicek in Canadiens zone.
8:14 of 1st period - Slapshot by Dustin Boyd.
8:14 of 1st period - Stopped by Frederik Andersen without a rebound.
8:15 of 1st period - Jason Spezza wins face-off versus Anze Kopitar in Kings zone.
8:28 of 1st period - Slapshot by Greg Stewart.
8:28 of 1st period - Shot Misses the Net.
9:04 of 1st period - Patrick Marleau is hit by Wes O'Neill and loses puck.
10:35 of 1st period - Chris Kreider is hit by Ladislav Nagy and loses puck.
10:42 of 1st period - Snap shot by Chris Kreider.
10:42 of 1st period - Shot Blocked by Luke Schenn.
10:44 of 1st period - Snap shot by Radko Gudas.
10:44 of 1st period - Stopped by Jonathan Bernier without a rebound.
10:45 of 1st period - Evgeny Dadonov wins face-off versus Anze Kopitar in Canadiens zone.
10:52 of 1st period - Wrist shot by Greg Stewart.
10:52 of 1st period - Shot Misses the Net.
10:54 of 1st period - Wrist shot by Jason Spezza.
10:54 of 1st period - Shot Misses the Net.
10:56 of 1st period - Slapshot by Jason Spezza.
10:56 of 1st period - Shot Misses the Net.
11:10 of 1st period - Dustin Boyd is hit by Radim Vrbata and loses puck.
11:35 of 1st period - Vitaly Vishnevsky is hit by Tom Poti and loses puck.
12:32 of 1st period - Radim Vrbata is hit by Sidney Crosby and loses puck.
12:44 of 1st period - Icing by Randy Jones.
12:45 of 1st period - Tyler Seguin wins face-off versus Jason Spezza in Kings zone.
12:54 of 1st period - Snap shot by Jason Spezza.
12:54 of 1st period - Deflect By Chris Kreider.
12:54 of 1st period - Shot Misses the Net.
12:54 of 1st period - Puck is out of play.
12:55 of 1st period - Anze Kopitar wins face-off versus Jason Spezza in Kings zone.
13:35 of 1st period - Off-side.
13:36 of 1st period - Jason Spezza wins face-off versus Josef Vasicek in neutral zone.
14:03 of 1st period - Tom Poti is hit by Sidney Crosby and loses puck.
14:22 of 1st period - Snap shot by Dustin Boyd.
14:22 of 1st period - Deflect By David Jones.
14:22 of 1st period - Stopped by Frederik Andersen with a rebound.
15:17 of 1st period - Drew Doughty is hit by Patrick Sharp and loses puck.
15:32 of 1st period - Snap shot by Patric Hornqvist.
15:32 of 1st period - Stopped by Jonathan Bernier with a rebound.
15:34 of 1st period - Wrist shot by Anze Kopitar.
15:34 of 1st period - Stopped by Jonathan Bernier without a rebound.
15:35 of 1st period - Anze Kopitar wins face-off versus Jason Spezza in Canadiens zone.
15:38 of 1st period - Snap shot by Anze Kopitar.
15:38 of 1st period - Deflect By Patric Hornqvist.
15:38 of 1st period - Shot Misses the Net.
15:38 of 1st period - Puck is out of play.
15:39 of 1st period - Jason Spezza wins face-off versus Anze Kopitar in Canadiens zone.
15:41 of 1st period - Minor Penalty to Jason Spezza for Holding Stick.
15:42 of 1st period - Sidney Crosby wins face-off versus Anze Kopitar in Canadiens zone.
16:12 of 1st period - Snap shot by Patrick Marleau.
16:12 of 1st period - Deflect By Tyler Seguin.
16:12 of 1st period - Shot Misses the Net.
16:12 of 1st period - Puck is out of play.
16:13 of 1st period - Sidney Crosby wins face-off versus Anze Kopitar in Canadiens zone.
16:24 of 1st period - Slapshot by Drew Doughty.
16:24 of 1st period - Goal by Drew Doughty - Kings : 1 - Canadiens : 0.
16:25 of 1st period - Sidney Crosby wins face-off versus Patric Hornqvist in neutral zone.
16:25 of 1st period - Sidney Crosby is hit by Anze Kopitar.
16:30 of 1st period - Luke Schenn is hit by Dmitry Kulikov and loses puck.
16:50 of 1st period - Luke Schenn is hit by Josef Vasicek and loses puck.
17:03 of 1st period - Wrist shot by Sidney Crosby.
17:03 of 1st period - Stopped by Frederik Andersen without a rebound.
17:04 of 1st period - Anze Kopitar wins face-off versus Jason Spezza in Kings zone.
17:08 of 1st period - Off-side.
17:09 of 1st period - Patric Hornqvist wins face-off versus Jason Spezza in neutral zone.
17:11 of 1st period - Drew Doughty is hit by Evgeny Dadonov and loses puck.
17:14 of 1st period - Snap shot by Patric Hornqvist.
17:14 of 1st period - Stopped by Jonathan Bernier with a rebound.
17:16 of 1st period - Backhand shot by Patric Hornqvist.
17:16 of 1st period - Shot Blocked by Wes O'Neill.
17:18 of 1st period - Slapshot by Tom Poti.
17:18 of 1st period - Stopped by Jonathan Bernier with a rebound.
17:20 of 1st period - Wrist shot by Anze Kopitar.
17:20 of 1st period - Stopped by Jonathan Bernier without a rebound.
17:21 of 1st period - Patric Hornqvist wins face-off versus Sidney Crosby in Canadiens zone.
17:30 of 1st period - Wrist shot by Patric Hornqvist.
17:30 of 1st period - Stopped by Jonathan Bernier with a rebound.
17:48 of 1st period - Patrick Sharp is hit by Chris Kreider and loses puck.
17:53 of 1st period - Wrist shot by Chris Kreider.
17:53 of 1st period - Stopped by Jonathan Bernier with a rebound.
18:15 of 1st period - Wrist shot by Greg Campbell.
18:15 of 1st period - Shot Blocked by Sidney Crosby.
18:22 of 1st period - Icing by Luke Schenn.
18:23 of 1st period - Anze Kopitar wins face-off versus Sidney Crosby in Canadiens zone.
18:28 of 1st period - Wrist shot by Anze Kopitar.
18:28 of 1st period - Deflect By Kyle Clifford.
18:28 of 1st period - Shot Misses the Net.
18:28 of 1st period - Puck is out of play.
18:29 of 1st period - Anze Kopitar wins face-off versus Evgeny Dadonov in Canadiens zone.
18:34 of 1st period - Wrist shot by Anze Kopitar.
18:34 of 1st period - Shot Misses the Net.
18:36 of 1st period - Snap shot by Kyle Clifford.
18:36 of 1st period - Shot Blocked by Maxim Kondratiev.
18:38 of 1st period - Slapshot by Dmitry Kulikov.
18:38 of 1st period - Stopped by Jonathan Bernier without a rebound.
18:39 of 1st period - Jason Spezza wins face-off versus Chris Kreider in Canadiens zone.
18:47 of 1st period - Snap shot by Evgeny Dadonov.
18:47 of 1st period - Stopped by Frederik Andersen without a rebound.
18:48 of 1st period - Jason Spezza wins face-off versus Tyler Seguin in Kings zone.
19:26 of 1st period - Wrist shot by Sidney Crosby.
19:26 of 1st period - Stopped by Frederik Andersen without a rebound.
19:27 of 1st period - Anze Kopitar wins face-off versus Brett Maclean in Kings zone.
19:34 of 1st period - Dustin Boyd is hit by Dmitry Kulikov and loses puck.
19:53 of 1st period - Wes O'Neill is hit by Tyler Seguin and loses puck.
Goals for this period are 1 for Kings vs 0 for Canadiens.
Shots for this period are 13 for Kings vs 10 for Canadiens.
2nd period
0:01 of 2nd period - Sidney Crosby wins face-off versus Radim Vrbata in neutral zone.
0:37 of 2nd period - Snap shot by Jason Spezza.
0:37 of 2nd period - Shot Blocked by Anze Kopitar.
1:09 of 2nd period - Sidney Crosby is hit by Travis Hamonic and loses puck.
1:26 of 2nd period - Slapshot by Dmitry Kulikov.
1:26 of 2nd period - Deflect By Evgeny Dadonov.
1:26 of 2nd period - Stopped by Jonathan Bernier with a rebound.
1:28 of 2nd period - Snap shot by Dmitry Kulikov.
1:28 of 2nd period - Deflect By Chris Kreider.
1:28 of 2nd period - Shot Blocked by Wes O'Neill.
1:28 of 2nd period - Puck is out of play.
1:29 of 2nd period - Tyler Seguin wins face-off versus Evgeny Dadonov in Canadiens zone.
1:38 of 2nd period - Slapshot by Vitaly Vishnevsky.
1:38 of 2nd period - Stopped by Frederik Andersen without a rebound.
1:39 of 2nd period - Sidney Crosby wins face-off versus Anze Kopitar in Kings zone.
2:14 of 2nd period - Wrist shot by Kyle Clifford.
2:14 of 2nd period - Shot Misses the Net.
2:16 of 2nd period - Slapshot by Kyle Clifford.
2:16 of 2nd period - Stopped by Jonathan Bernier with a rebound.
2:22 of 2nd period - Snap shot by Anze Kopitar.
2:22 of 2nd period - Shot Misses the Net.
2:24 of 2nd period - Snap shot by Patric Hornqvist.
2:24 of 2nd period - Deflect By Dustin Boyd.
2:24 of 2nd period - Stopped by Jonathan Bernier without a rebound.
2:25 of 2nd period - Joe Pavelski wins face-off versus Tyler Seguin in Canadiens zone.
2:32 of 2nd period - Slapshot by Joe Pavelski.
2:32 of 2nd period - Stopped by Frederik Andersen with a rebound.
2:34 of 2nd period - Snap shot by Wes O'Neill.
2:34 of 2nd period - Deflect By Sidney Crosby.
2:34 of 2nd period - Shot Hit the Post.
2:34 of 2nd period - Puck is out of play.
2:35 of 2nd period - Tyler Seguin wins face-off versus Sidney Crosby in Kings zone.
2:35 of 2nd period - Tyler Seguin is hit by Patrick Sharp.
2:55 of 2nd period - Snap shot by Joe Pavelski.
2:55 of 2nd period - Stopped by Frederik Andersen with a rebound.
3:07 of 2nd period - Snap shot by Radim Vrbata.
3:07 of 2nd period - Shot Misses the Net.
3:17 of 2nd period - Snap shot by Sidney Crosby.
3:17 of 2nd period - Shot Misses the Net.
3:19 of 2nd period - Slapshot by Sidney Crosby.
3:19 of 2nd period - Shot Misses the Net.
3:21 of 2nd period - Wrist shot by Sidney Crosby.
3:21 of 2nd period - Shot Blocked by Radim Vrbata.
3:23 of 2nd period - Wrist shot by Vitaly Vishnevsky.
3:23 of 2nd period - Stopped by Frederik Andersen without a rebound.
3:24 of 2nd period - Anze Kopitar wins face-off versus Jason Spezza in Kings zone.
3:33 of 2nd period - Wrist shot by Anze Kopitar.
3:33 of 2nd period - Shot Blocked by Dennis Wideman.
3:35 of 2nd period - Snap shot by Anze Kopitar.
3:35 of 2nd period - Stopped by Jonathan Bernier with a rebound.
4:36 of 2nd period - Wrist shot by Patrick Marleau.
4:36 of 2nd period - Shot Misses the Net.
4:38 of 2nd period - Backhand shot by Anze Kopitar.
4:38 of 2nd period - Stopped by Jonathan Bernier with a rebound.
4:44 of 2nd period - Slapshot by Anze Kopitar.
4:44 of 2nd period - Stopped by Jonathan Bernier without a rebound.
4:45 of 2nd period - Tyler Seguin wins face-off versus Brett Maclean in Canadiens zone.
4:52 of 2nd period - Snap shot by Chris Kreider.
4:52 of 2nd period - Shot Misses the Net.
4:58 of 2nd period - Snap shot by Chris Kreider.
4:58 of 2nd period - Shot Misses the Net.
5:00 of 2nd period - Backhand shot by Radko Gudas.
5:00 of 2nd period - Stopped by Jonathan Bernier with a rebound.
5:16 of 2nd period - Slapshot by Patric Hornqvist.
5:16 of 2nd period - Shot Blocked by Maxim Kondratiev.
5:18 of 2nd period - Slapshot by Anze Kopitar.
5:18 of 2nd period - Stopped by Jonathan Bernier without a rebound.
5:19 of 2nd period - Patrick Sharp wins face-off versus Tyler Seguin in Canadiens zone.
5:19 of 2nd period - Patrick Sharp is hit by Radim Vrbata.
5:56 of 2nd period - Slapshot by Kyle Clifford.
5:56 of 2nd period - Stopped by Jonathan Bernier with a rebound.
6:11 of 2nd period - Off-side.
6:12 of 2nd period - Sidney Crosby wins face-off versus Tyler Seguin in neutral zone.
6:37 of 2nd period - Kyle Clifford is hit by Luke Schenn and loses puck.
6:38 of 2nd period - Kyle Clifford from Kings is injured at 6:38 of 2nd period (Right Eye).
6:39 of 2nd period - Sidney Crosby wins face-off versus Anze Kopitar in Kings zone.
6:44 of 2nd period - Snap shot by Joe Pavelski.
6:44 of 2nd period - Stopped by Frederik Andersen with a rebound.
6:46 of 2nd period - Snap shot by Sidney Crosby.
6:46 of 2nd period - Shot Blocked by Tom Poti.
6:48 of 2nd period - Slapshot by Luke Schenn.
6:48 of 2nd period - Shot Hit the Post.
6:50 of 2nd period - Slapshot by Patrick Sharp.
6:50 of 2nd period - Goal by Patrick Sharp - Kings : 1 - Canadiens : 1.
6:51 of 2nd period - Sidney Crosby wins face-off versus Tyler Seguin in neutral zone.
6:54 of 2nd period - Chris Kreider is hit by Dustin Kohn and loses puck.
7:13 of 2nd period - Minor Penalty to Radim Vrbata for Tripping.
7:14 of 2nd period - Greg Campbell wins face-off versus Sidney Crosby in Kings zone.
7:41 of 2nd period - Randy Jones is hit by Jason Spezza and loses puck.
9:08 of 2nd period - Drew Doughty is hit by Evgeny Dadonov and loses puck.
9:13 of 2nd period - Penalty to Radim Vrbata is over, Radim Vrbata is back on ice.
9:43 of 2nd period - Chris Kreider is hit by Brett Maclean and loses puck.
11:26 of 2nd period - Sidney Crosby is hit by Eric Fehr and loses puck.
11:40 of 2nd period - Off-side.
11:41 of 2nd period - Sidney Crosby wins face-off versus Tyler Seguin in neutral zone.
12:11 of 2nd period - Off-side.
12:12 of 2nd period - Dustin Boyd wins face-off versus Josef Vasicek in neutral zone.
12:15 of 2nd period - Slapshot by Vitaly Vishnevsky.
12:15 of 2nd period - Stopped by Frederik Andersen with a rebound.
12:17 of 2nd period - Slapshot by Wes O'Neill.
12:17 of 2nd period - Stopped by Frederik Andersen with a rebound.
12:42 of 2nd period - Wrist shot by Anze Kopitar.
12:42 of 2nd period - Shot Misses the Net.
12:44 of 2nd period - Snap shot by Anze Kopitar.
12:44 of 2nd period - Stopped by Jonathan Bernier with a rebound.
12:46 of 2nd period - Wrist shot by Anze Kopitar.
12:46 of 2nd period - Shot Misses the Net.
12:48 of 2nd period - Snap shot by Drew Doughty.
12:48 of 2nd period - Deflect By Patric Hornqvist.
12:48 of 2nd period - Goal by Patric Hornqvist - Kings : 2 - Canadiens : 1.
12:49 of 2nd period - Anze Kopitar wins face-off versus Sidney Crosby in neutral zone.
13:06 of 2nd period - Chris Kreider is hit by Sidney Crosby and loses puck.
13:27 of 2nd period - Snap shot by Jason Spezza.
13:27 of 2nd period - Stopped by Frederik Andersen without a rebound.
13:28 of 2nd period - Jason Spezza wins face-off versus Greg Campbell in Kings zone.
13:34 of 2nd period - Minor Penalty to Greg Campbell for Interference.
13:35 of 2nd period - Anze Kopitar wins face-off versus Joe Pavelski in Kings zone.
13:45 of 2nd period - Slapshot by Joe Pavelski.
13:45 of 2nd period - Shot Misses the Net.
13:47 of 2nd period - Slapshot by Luke Schenn.
13:47 of 2nd period - Shot Blocked by Randy Jones.
13:49 of 2nd period - Snap shot by Sidney Crosby.
13:49 of 2nd period - Stopped by Frederik Andersen without a rebound.
13:50 of 2nd period - Anze Kopitar wins face-off versus Sidney Crosby in Kings zone.
13:57 of 2nd period - Snap shot by Sidney Crosby.
13:57 of 2nd period - Stopped by Frederik Andersen without a rebound.
13:58 of 2nd period - Sidney Crosby wins face-off versus Anze Kopitar in Kings zone.
14:24 of 2nd period - Snap shot by Sidney Crosby.
14:24 of 2nd period - Stopped by Frederik Andersen without a rebound.
14:25 of 2nd period - Jason Spezza wins face-off versus Anze Kopitar in Kings zone.
14:42 of 2nd period - Wrist shot by Greg Stewart.
14:42 of 2nd period - Stopped by Frederik Andersen with a rebound.
15:34 of 2nd period - Penalty to Greg Campbell is over, Greg Campbell is back on ice.
16:05 of 2nd period - Snap shot by Sidney Crosby.
16:05 of 2nd period - Shot Misses the Net.
16:37 of 2nd period - Wrist shot by Radim Vrbata.
16:37 of 2nd period - Stopped by Jonathan Bernier with a rebound.
16:58 of 2nd period - Patrick Sharp is hit by Eric Fehr.
17:35 of 2nd period - Slapshot by Tom Poti.
17:35 of 2nd period - Shot Misses the Net.
18:20 of 2nd period - Slapshot by Patrick Sharp.
18:20 of 2nd period - Deflect By David Jones.
18:20 of 2nd period - Shot Misses the Net.
18:20 of 2nd period - Puck is out of play.
18:21 of 2nd period - Joe Pavelski wins face-off versus Anze Kopitar in Kings zone.
18:24 of 2nd period - Snap shot by David Jones.
18:24 of 2nd period - Stopped by Frederik Andersen with a rebound.
18:26 of 2nd period - Slapshot by Joe Pavelski.
18:26 of 2nd period - Stopped by Frederik Andersen with a rebound.
18:28 of 2nd period - Wrist shot by Patrick Sharp.
18:28 of 2nd period - Shot Misses the Net.
18:30 of 2nd period - Slapshot by Adam Pardy.
18:30 of 2nd period - Stopped by Frederik Andersen with a rebound.
19:08 of 2nd period - Snap shot by Cam Janssen.
19:08 of 2nd period - Stopped by Jonathan Bernier without a rebound.
19:09 of 2nd period - Greg Campbell wins face-off versus Sidney Crosby in Canadiens zone.
19:59 of 2nd period - Brett Maclean is hit by Patrick Marleau and loses puck.
Goals for this period are 1 for Kings vs 1 for Canadiens.
Shots for this period are 13 for Kings vs 16 for Canadiens.
3rd period
0:01 of 3rd period - Sidney Crosby wins face-off versus Tyler Seguin in neutral zone.
0:14 of 3rd period - Slapshot by Joe Pavelski.
0:14 of 3rd period - Stopped by Frederik Andersen with a rebound.
0:16 of 3rd period - Wrist shot by Sidney Crosby.
0:16 of 3rd period - Stopped by Frederik Andersen with a rebound.
0:48 of 3rd period - Snap shot by Eric Fehr.
0:48 of 3rd period - Shot Blocked by Greg Stewart.
0:50 of 3rd period - Wrist shot by Tom Poti.
0:50 of 3rd period - Deflect By Vitaly Vishnevsky.
0:50 of 3rd period - Stopped by Jonathan Bernier with a rebound.
0:52 of 3rd period - Snap shot by Josef Vasicek.
0:52 of 3rd period - Shot Misses the Net.
0:54 of 3rd period - Wrist shot by Patrick Marleau.
0:54 of 3rd period - Shot Misses the Net.
0:58 of 3rd period - Snap shot by Eric Fehr.
0:58 of 3rd period - Shot Misses the Net.
1:48 of 3rd period - Minor Penalty to Tom Poti for Roughing.
1:49 of 3rd period - Greg Campbell wins face-off versus Sidney Crosby in Kings zone.
2:00 of 3rd period - Wrist shot by Sidney Crosby.
2:00 of 3rd period - Stopped by Frederik Andersen with a rebound.
2:02 of 3rd period - Snap shot by Joe Pavelski.
2:02 of 3rd period - Canadiens goal is going for a video replay.
2:02 of 3rd period - The goal is good.
2:02 of 3rd period - Goal by Joe Pavelski - Kings : 2 - Canadiens : 2.
2:03 of 3rd period - Joe Pavelski wins face-off versus Anze Kopitar in neutral zone.
2:20 of 3rd period - Snap shot by Patric Hornqvist.
2:20 of 3rd period - Shot Misses the Net.
2:35 of 3rd period - Jason Spezza is hit by Patrick Marleau and loses puck.
2:54 of 3rd period - Snap shot by David Jones.
2:54 of 3rd period - Shot Misses the Net.
2:56 of 3rd period - Wrist shot by Dustin Boyd.
2:56 of 3rd period - Shot Blocked by Drew Doughty.
2:58 of 3rd period - Slapshot by David Jones.
2:58 of 3rd period - Stopped by Frederik Andersen without a rebound.
2:59 of 3rd period - Tyler Seguin wins face-off versus Sidney Crosby in Kings zone.
2:59 of 3rd period - Tyler Seguin is hit by Joe Pavelski.
3:25 of 3rd period - Vitaly Vishnevsky is hit by Anze Kopitar.
3:33 of 3rd period - Snap shot by Patric Hornqvist.
3:33 of 3rd period - Shot Misses the Net.
3:35 of 3rd period - Snap shot by Anze Kopitar.
3:35 of 3rd period - Stopped by Jonathan Bernier without a rebound.
3:36 of 3rd period - Tyler Seguin wins face-off versus Sidney Crosby in Canadiens zone.
3:39 of 3rd period - Slapshot by Chris Kreider.
3:39 of 3rd period - Stopped by Jonathan Bernier without a rebound.
3:40 of 3rd period - Sidney Crosby wins face-off versus Tyler Seguin in Canadiens zone.
4:13 of 3rd period - Slapshot by Luke Schenn.
4:13 of 3rd period - Shot Blocked by Patric Hornqvist.
4:19 of 3rd period - Wrist shot by Greg Stewart.
4:19 of 3rd period - Shot Misses the Net.
4:31 of 3rd period - Wrist shot by Brett Maclean.
4:31 of 3rd period - Stopped by Frederik Andersen with a rebound.
4:51 of 3rd period - Wes O'Neill is hit by Tyler Seguin and loses puck.
5:13 of 3rd period - Minor Penalty to Greg Campbell for Kneeing.
5:14 of 3rd period - Anze Kopitar wins face-off versus Sidney Crosby in Kings zone.
5:29 of 3rd period - Snap shot by Chris Mcallister.
5:29 of 3rd period - Stopped by Jonathan Bernier without a rebound.
5:30 of 3rd period - Anze Kopitar wins face-off versus Jason Spezza in Canadiens zone.
6:46 of 3rd period - Randy Jones is hit by Joe Pavelski and loses puck.
7:13 of 3rd period - Penalty to Greg Campbell is over, Greg Campbell is back on ice.
8:11 of 3rd period - Joe Pavelski is hit by Tyler Seguin and loses puck.
8:32 of 3rd period - Greg Stewart is hit by Chris Mcallister and loses puck.
9:26 of 3rd period - Snap shot by Andrew Ebbett.
9:26 of 3rd period - Stopped by Frederik Andersen with a rebound.
9:49 of 3rd period - Anze Kopitar is hit by Vitaly Vishnevsky and loses puck.
9:59 of 3rd period - Icing by Wes O'Neill.
10:00 of 3rd period - Greg Campbell wins face-off versus Dustin Boyd in Canadiens zone.
10:03 of 3rd period - Snap shot by Cam Janssen.
10:03 of 3rd period - Shot Blocked by Dennis Wideman.
10:05 of 3rd period - Slapshot by Chris Mcallister.
10:05 of 3rd period - Stopped by Jonathan Bernier without a rebound.
10:06 of 3rd period - Dustin Boyd wins face-off versus Greg Campbell in Canadiens zone.
11:06 of 3rd period - Snap shot by Joe Pavelski.
11:06 of 3rd period - Stopped by Frederik Andersen with a rebound.
11:57 of 3rd period - Chris Mcallister is hit by Evgeny Dadonov and loses puck.
12:38 of 3rd period - Snap shot by Patrick Marleau.
12:38 of 3rd period - Goal by Patrick Marleau - Kings : 3 - Canadiens : 2.
12:39 of 3rd period - Patrick Sharp wins face-off versus Tyler Seguin in neutral zone.
13:06 of 3rd period - Chris Mcallister is hit by Evgeny Dadonov and loses puck.
13:51 of 3rd period - Snap shot by Chris Mcallister.
13:51 of 3rd period - Shot Misses the Net.
14:21 of 3rd period - Sidney Crosby is hit by Anze Kopitar.
14:33 of 3rd period - Snap shot by Wes O'Neill.
14:33 of 3rd period - Shot Misses the Net.
14:35 of 3rd period - Snap shot by Brett Maclean.
14:35 of 3rd period - Deflect By Dustin Boyd.
14:35 of 3rd period - Deflect By Josef Vasicek.
14:35 of 3rd period - Shot Misses the Net.
14:35 of 3rd period - Puck is out of play.
14:36 of 3rd period - Josef Vasicek wins face-off versus Dustin Boyd in Kings zone.
14:53 of 3rd period - Patrick Marleau is hit by Dennis Wideman and loses puck.
15:34 of 3rd period - Wrist shot by Eric Fehr.
15:34 of 3rd period - Shot Blocked by David Jones.
15:53 of 3rd period - Snap shot by Eric Fehr.
15:53 of 3rd period - Stopped by Jonathan Bernier without a rebound.
15:54 of 3rd period - Chris Kreider wins face-off versus Sidney Crosby in Canadiens zone.
15:55 of 3rd period - Wrist shot by Patric Hornqvist.
15:55 of 3rd period - Stopped by Jonathan Bernier without a rebound.
15:56 of 3rd period - Sidney Crosby wins face-off versus Anze Kopitar in Canadiens zone.
16:26 of 3rd period - Off-side.
16:27 of 3rd period - Jason Spezza wins face-off versus Greg Campbell in neutral zone.
16:52 of 3rd period - Snap shot by Jason Spezza.
16:52 of 3rd period - Stopped by Frederik Andersen with a rebound.
17:28 of 3rd period - Snap shot by Greg Campbell.
17:28 of 3rd period - Stopped by Jonathan Bernier without a rebound.
17:29 of 3rd period - Anze Kopitar wins face-off versus Sidney Crosby in Canadiens zone.
17:34 of 3rd period - Wrist shot by Chris Kreider.
17:34 of 3rd period - Shot Misses the Net.
18:25 of 3rd period - Slapshot by Drew Doughty.
18:25 of 3rd period - Stopped by Jonathan Bernier without a rebound.
18:26 of 3rd period - Anze Kopitar wins face-off versus Sidney Crosby in Canadiens zone.
18:31 of 3rd period - Wrist shot by Anze Kopitar.
18:31 of 3rd period - Stopped by Jonathan Bernier without a rebound.
18:32 of 3rd period - Patrick Sharp wins face-off versus Anze Kopitar in Canadiens zone.
18:38 of 3rd period - Minor Penalty to Anze Kopitar for Holding.
18:39 of 3rd period - Sidney Crosby wins face-off versus Greg Campbell in Kings zone.
18:46 of 3rd period - Canadiens, Jonathan Bernier is pulled from the net.
19:20 of 3rd period - Snap shot by Evgeny Dadonov.
19:20 of 3rd period - Stopped by Frederik Andersen with a rebound.
Goals for this period are 1 for Kings vs 1 for Canadiens.
Shots for this period are 11 for Kings vs 10 for Canadiens.
Back to the Top